 Dungeon Crawl Stone Soup version 0.24-a0-487-g57318f2ed0 (webtiles) character file.

Game seed: 8474419596879801077

10364 forest the Covert (level 11, -2/56 HPs)
             Began as a Spriggan Assassin on July 10, 2019.
             Was an Elder of Dithmenos.
             Slain by a manticore (3 damage)
             ... on level 10 of the Dungeon.
             The game lasted 00:49:42 (20416 turns).

forest the Covert (Spriggan Assassin)              Turns: 20416, Time: 00:49:43

Health: -2/56      AC:  4    Str:  8    XL:     11   Next: 35%
Magic:  16/16      EV: 29    Int: 13    God:    Dithmenos [****..]
Gold:   440        SH:  0    Dex: 20    Spells: 15/15 levels left

rFire    . . .     SeeInvis +   x - +0 rapier
rCold    + . .     Gourm    .   (shield restricted)
rNeg     . . .     Faith    .   b - +1 robe
rPois    .         Spirit   .   (helmet restricted)
rElec    .         Reflect  .   c - +0 cloak
rCorr    .         Harm     .   (gloves unavailable)
MR       +....                  (boots unavailable)
Stlth    ++++++++..             (no amulet)
HPRegen  0.18/turn              g - +2 ring of evasion
MPRegen  0.15/turn              q - ring of protection from cold

@: wreathed by umbra, very quick
A: very small, unfitting armour, see invisible, herbivore, speed 3, slow
metabolism 2
a: Shadow Step, Renounce Religion


You were on level 10 of the Dungeon.
You worshipped Dithmenos.
Dithmenos was greatly pleased with you.
You were not hungry.

You visited 1 branch of the dungeon, and saw 10 of its levels.

You collected 440 gold pieces.

Inventory:

Hand Weapons
 a - a +2 dagger
 j - the +0 dagger of Hihev {flame, rF+++ MR+ Dex-4 SInv}
   (You took it off an orc on level 4 of the Dungeon)

   It has been specially enchanted to burn those struck by it, causing extra
   injury to most foes and up to half again as much damage against particularly
   susceptible opponents.
   It affects your dexterity (-4).
   It renders you almost immune to fire.
   It affects your resistance to hostile enchantments.
   It lets you see invisible.
 x - a +0 rapier (weapon)
Missiles
 d - 47 poisoned darts (quivered)
 e - 8 curare-tipped darts
 h - 208 stones
 n - 158 sling bullets
 D - 9 boomerangs
 I - 5 atropa-tipped darts
Armour
 b - a +1 robe (worn)
 c - a +0 cloak (worn)
Jewellery
 g - a +2 ring of evasion (left hand)
 i - an uncursed ring of magical power
 q - a ring of protection from cold (right hand)
 w - an uncursed ring of ice
 z - an uncursed ring of fire
Wands
 p - a wand of disintegration (12)
 u - a wand of iceblast (22)
 A - a wand of random effects (16)
 G - a wand of flame (20)
 K - a wand of polymorph (10)
 L - a wand of acid (10)
Scrolls
 l - 5 scrolls of teleportation
 m - a scroll of remove curse
 o - 2 scrolls of blinking
 r - 3 scrolls of identify
 s - 4 scrolls of enchant armour
 y - a scroll of fog
 F - a scroll of fear
 H - a scroll of magic mapping
Potions
 k - 5 potions of haste
 t - a potion of curing
 v - a potion of lignification
 B - a potion of flight
 C - a potion of invisibility
 E - 2 potions of brilliance
 J - 2 potions of agility {unknown}
 M - a potion of might
Miscellaneous
 N - a lightning rod (4/4)
Comestibles
 f - 20 rations


   Skills:
 + Level 5.9 Fighting
 + Level 11.1 Short Blades
   Level 2.8(5.6) Slings
 + Level 6.4(6.6) Throwing
 + Level 1.6 Armour
 + Level 10.0 Dodging
 + Level 11.6 Stealth
   Level 1.6 Shields
 + Level 2.0 Unarmed Combat
 + Level 2.8 Spellcasting
   Level 3.6 Hexes
   Level 3.4 Charms
   Level 2.2 Poison Magic
 + Level 2.2 Invocations
 + Level 3.2 Evocations


You had 15 spell levels left.
You didn't know any spells.
Your spell library was empty.

Dungeon Overview and Level Annotations

Branches:
Dungeon (10/15)            Temple (0/1) D:5            Lair (0/6) D:8
    Orc: D:9-12

Altars:
Ashenzari
Dithmenos
Elyvilon
Fedhas
Gozag
Kikubaaqudgha
Makhleb
Nemelex Xobeh
Trog
Vehumet
Yredelemnul
Zin
The Shining One
Beogh

Shops:
D:6 }

Annotations:
D:7 1 runed translucent door


Innate Abilities, Weirdness & Mutations

You are very small and have problems with some larger weapons.
You are too small for most types of armour.
You have supernaturally acute eyesight. (SInv)
You are a herbivore.
You cover ground extremely quickly.
You need to consume almost no food.


Message History

The manticore is heavily wounded.
Throwing (i - inventory. (/) - cycle)
d - 48 poisoned darts (quivered)
Press: ? - help, Shift-Dir - straight line, f - manticore
Aim: a manticore (heavily wounded, umbra)
You throw a poisoned dart. The poisoned dart hits the manticore!
The manticore is poisoned.
The manticore is heavily wounded.
The manticore bites you. The manticore completely misses you.
The manticore misses you.
You barely miss the manticore.
The manticore is heavily wounded.
The manticore closely misses you. The manticore misses you. x2
You hit the manticore.
The manticore is heavily wounded.
You hit the manticore.
The manticore is heavily wounded.
The manticore bites you!!
* * * LOW HITPOINT WARNING * * *
The manticore claws you.
You die...

#............#
#............#
+..P.P.......#
#..._....<...#
#..P.P.......#
##..|...##....#
....#
#....#...#...##
....#
####....#.(.#...#
#....#
.......@#...+...#
.....#
.......H#.<.#....
.....#
........###.#.####
.....### .........
##.# ........
......... <.#
##........ h.#
#........ ..#
#...#####. ###


You could see a manticore.

Vanquished Creatures
  Fannar (D:10)
  Psyche (D:9)
  A troll (D:9)
  A hornet (D:8)
  A yak (D:4)
  2 wyverns (D:8)
  A steam dragon (D:9)
  An acid dragon (D:8)
  3 ice beasts
  7 sky beasts
  A black bear (D:8)
  3 orc warriors
  A phantom (D:7)
  5 necrophages
  2 crocodiles (D:8)
  A centaur (D:6)
  3 ogres
  3 big kobolds
  The ghost of pk666 the Magician, an amateur DEWz (D:4)
  5 bullfrogs
  2 scorpions (D:6)
  A water moccasin skeleton (D:4)
  10 killer bees
  6 howler monkeys
  4 wights (D:8)
  3 crimson imps
  A bullfrog zombie (D:5)
  5 hounds
  10 orc priests
  2 bullfrog skeletons (D:7)
  A centaur skeleton (D:8)
  A gnoll shaman (D:6)
  Jessica (D:2)
  7 orc wizards
  Terence (D:2)
  2 iguanas
  4 worker ants
  2 killer bee zombies (D:8)
  A hound zombie (D:5)
  A hound skeleton (D:5)
  2 mummies (D:8)
  A worker ant zombie (D:8)
  8 gnolls
  A howler monkey skeleton (D:4)
  12 adders
  2 shadow imps
  An ooze (D:1)
  An adder zombie (D:5)
  An adder skeleton (D:4)
  6 worms
  5 dart slugs
  5 leopard geckos
  46 orcs
  16 bats
  3 giant cockroaches
  7 goblins
  11 hobgoblins
  9 jackals
  3 quokkas
  6 frilled lizards
  A jackal zombie (D:8)
  15 kobolds
  2 leopard gecko skeletons
  A quokka zombie (D:8)
  7 rats
  A plant (D:9)
282 creatures vanquished.

Vanquished Creatures (others)
  An orc wizard (D:9)
1 creature vanquished.

Grand Total: 283 creatures vanquished

Notes
Turn   | Place    | Note
-------+----------+-------------------------------------------
     0 | D:1      | forest the Spriggan Assassin began the quest for the Orb.
     0 | D:1      | Reached XP level 1. HP: 10/10 MP: 2/2
   281 | D:1      | Reached XP level 2. HP: 7/15 MP: 3/3
   916 | D:1      | Reached XP level 3. HP: 18/18 MP: 4/4
  1763 | D:2      | Noticed Jessica
  1778 | D:2      | Killed Jessica
  1778 | D:2      | Reached XP level 4. HP: 23/23 MP: 5/5
  2303 | D:2      | Noticed Terence
  2338 | D:2      | Killed Terence
  2338 | D:2      | Reached XP level 5. HP: 15/26 MP: 6/6
  2499 | D:2      | Found a sparkling altar of Nemelex Xobeh.
  3580 | D:3      | Found a burning altar of Makhleb.
  4209 | D:3      | Found a shadowy altar of Dithmenos.
  4215 | D:3      | Found a bloodstained altar of Trog.
  4215 | D:3      | Found a white marble altar of Elyvilon.
  4220 | D:3      | Became a worshipper of Dithmenos the Shadowed
  4226 | D:3      | Found an opulent altar of Gozag.
  4824 | D:3      | Reached XP level 6. HP: 31/31 MP: 7/7
  5262 | D:4      | Found a shattered altar of Ashenzari.
  5483 | D:4      | Found a runed translucent gate.
  5483 | D:4      | Found a runed translucent gate.
  5483 | D:4      | Found a runed translucent gate.
  5541 | D:4      | Reached skill level 5 in Short Blades
  5569 | D:4      | Found a basalt altar of Yredelemnul.
  5569 | D:4      | Found a transporter.
  5572 | D:4      | Noticed a yak
  5580 | D:4      | Found a transporter.
  5699 | D:4      | Reached XP level 7. HP: 34/35 MP: 8/8
  6033 | D:4      | Noticed pk666's ghost (amateur DEWz)
  6036 | D:4      | Found a roughly hewn altar of Beogh.
  6038 | D:4      | Identified the cursed +0 dagger of Hihev {flame, rF+++ MR+
                  | Dex-4 SInv}
  6038 | D:4      | Identified the +2 scale mail "Ikhocenn" {+Fly Int+5}
  6627 | D:4      | Killed pk666's ghost
  7207 | D:4      | Reached * piety under Dithmenos
  7323 | D:4      | HP: 1/35 [bullfrog (9)]
  8187 | D:4      | Killed a yak
  8187 | D:4      | Reached skill level 5 in Dodging
  8440 | D:5      | Entered Level 5 of the Dungeon
  8710 | D:5      | Reached XP level 8. HP: 26/40 MP: 9/9
  9913 | D:5      | Found a staircase to the Ecumenical Temple.
  9917 | D:5      | Found an ancient bone altar of Kikubaaqudgha.
  9917 | D:5      | Found a glowing silver altar of Zin.
 10158 | D:6      | Found Ejirun's Gadget Shop.
 11094 | D:6      | Reached ** piety under Dithmenos
 11541 | D:6      | Reached XP level 9. HP: 16/45 MP: 10/10
 12353 | D:7      | Found a radiant altar of Vehumet.
 13102 | D:7      | Found a glowing golden altar of the Shining One.
 13102 | D:7      | Noticed an angel
 13103 | D:7      | Found a runed translucent door.
 13340 | D:7      | Reached skill level 10 in Stealth
 13442 | D:8      | Reached skill level 5 in Fighting
 13442 | D:8      | Reached skill level 10 in Short Blades
 13442 | D:8      | Reached skill level 5 in Throwing
 13442 | D:8      | Reached skill level 1 in Armour
 13442 | D:8      | Reached skill level 1 in Shields
 13442 | D:8      | Reached XP level 10. HP: 51/51 MP: 10/15
 14445 | D:8      | Reached *** piety under Dithmenos
 16192 | D:8      | Reached XP level 11. HP: 11/56 MP: 16/16
 17310 | D:8      | Found a staircase to the Lair.
 18373 | D:9      | Noticed Psyche
 18434 | D:9      | Killed Psyche
 18813 | D:9      | Reached **** piety under Dithmenos
 20000 | D:10     | Entered Level 10 of the Dungeon
 20272 | D:10     | Found a blossoming altar of Fedhas.
 20274 | D:10     | Noticed Fannar
 20403 | D:10     | Killed Fannar
 20403 | D:10     | Reached skill level 10 in Dodging
 20416 | D:10     | HP: 1/56 [manticore (23)]
 20416 | D:10     | Slain by a manticore

Levels and vault maps discovered:
D:1:      shiori_shiawase, layout_basic, minmay_misc_feat_secret_circle,
          st_stairs_4, minivault_27, minmay_pentomino_u4
D:2:      layout_basic, first_ration, nemelex_altar_shiori, uniq_jessica,
          uniq_terence
D:3:      layout_rooms, minitemple, makhleb_grotto_becter
D:4:      layout_loops_ring, gammafunk_temple_overflow_arena,
          biasface_ghost_orc_armoury, evilmike_ruin_ashenzari
D:5:      layout_cave_pools, gammafunk_temple_overflow_wave,
          minmay_temple_entry_proselytizer
D:6:      layout_gridville, serial_shops, shop
D:7:      layout_basic, nicolae_overflow_crystal_walls, lemuel_angel_altar
D:8:      layout_rooms, erik_lair_dragon, serial_undead, serial_undead_c,
          serial_undead_b, serial_undead_d, serial_undead_d, serial_undead_d,
          serial_undead_d, serial_undead_a, serial_undead_d,
          chequers_serial_rivers_large_a
D:9:      layout_loops_ring, blue_anna_alchemist [blue_anna_fruit_fields,
          blue_anna_fruit_fields], hangedman_decor_lopped,
          corexii_leaking_fountain, uniq_psyche
D:10:     layout_irregular_city, minivault_16, fedhas_altar_1, uniq_snorg,
          uniq_fannar

Skill      XL: |  1  2  3  4  5  6  7  8  9 10 11 |
---------------+----------------------------------+-----
Stealth        | 6 7 8 9 10 11 | 11.6
Fighting       | 2 3 4 5 |  5.9
Dodging        | 2 3 4 5 6 8 9 10 | 10.0
Short Blades   | 3 4 5 6 8 10 11 | 11.1
Throwing       | 3 5 6 |  6.4
Slings         | 2 |  2.8
Armour         | 1 |  1.6
Shields        | 1 |  1.6
Unarmed Combat | 2 |  2.0
Spellcasting   | 2 |  2.8
Hexes          | 3 |  3.6
Charms         | 3 |  3.4
Poison Magic   | 2 |  2.2
Invocations    | 2 |  2.2
Evocations     | 3 |  3.2

Action                   |  1- 3 |  4- 6 |  7- 9 | 10-12 || total
-------------------------+-------+-------+-------+-------++-------
Melee: Dagger            |   111 |    33 |    38 |    35 ||   217
       Rapier            |       |   235 |   579 |   668 ||  1482
       Punch             |       |       |       |    13 ||    13
Throw: Dart              |    10 |    33 |    35 |    77 ||   155
       Stone             |       |       |     2 |       ||     2
       Boomerang         |       |       |       |    90 ||    90
Evoke: Wand              |       |       |       |     4 ||     4
  Use: Potion            |       |     2 |     2 |     2 ||     6
       Scroll            |       |       |    15 |     4 ||    19
 Stab: Sleeping          |    12 |    17 |    14 |    14 ||    57
       Invisible         |       |     2 |       |     1 ||     3
       Distracted        |       |     1 |     4 |       ||     5
  Eat: Ration            |       |     2 |     4 |     4 ||    10
Armor: Robe              |    18 |    23 |    29 |    35 ||   105
Dodge: Dodged            |    98 |   253 |   556 |   741 ||  1648

Table legend:
 A = Non-vault XP
 B = Vault XP
 C = Vault XP percentage of total XP
 D = Non-vault monster count
 E = Vault monster count
 F = Vault count percentage of total count
                 A         B        C        D         E       F
            +---------+---------+-------+---------+---------+-------
      Total |    6997 |    3832 |  35.4 |     236 |      46 |  16.3
            +---------+---------+-------+---------+---------+-------
        D:1 |      51 |      10 |  16.4 |      26 |       5 |  16.1
        D:2 |      81 |      73 |  47.4 |      26 |       2 |   7.1
        D:3 |     131 |      46 |  26.0 |      27 |       1 |   3.6
        D:4 |     678 |     565 |  45.5 |      28 |      17 |  37.8
        D:5 |     271 |      41 |  13.1 |      21 |       1 |   4.5
        D:6 |    1044 |       0 |   0.0 |      22 |       0 |   0.0
        D:7 |    1178 |       0 |   0.0 |      24 |       0 |   0.0
        D:8 |    1556 |    1581 |  50.4 |      29 |      17 |  37.0
        D:9 |    1774 |     545 |  23.5 |      29 |       2 |   6.5
       D:10 |     233 |     971 |  80.6 |       4 |       1 |  20.0
            +---------+---------+-------+---------+---------+-------
